 Dungeon Crawl Stone Soup version 0.24.0-2-g5b39cebb1c (webtiles) character file.

Game seed: 15013558353499654677, levelgen mode: deterministic

55 Aviak the Poker (level 3, 0/30 HPs)
             Began as a Merfolk Abyssal Knight on Oct 30, 2019.
             Was a Believer of Lugonu.
             Succumbed to an adder's poison
             ... on level 2 of the Dungeon.
             The game lasted 00:01:19 (1091 turns).

Aviak the Poker (Merfolk Abyssal Knight)            Turns: 1091, Time: 00:01:20

Health: 0/30       AC:  4    Str: 12    XL:     3   Next: 93%
Magic:  4/4        EV: 12    Int: 11    God:    Lugonu [**....]
Gold:   67         SH:  3    Dex: 14    Spells: 2/2 levels left

rFire    . . .     SeeInvis .   a - +1 spear
rCold    . . .     Gourm    .   j - +0 buckler (curse)
rNeg     . . .     Faith    .   b - +0 leather armour
rPois    .         Spirit   .   (no helmet)
rElec    .         Reflect  .   (no cloak)
rCorr    .         Harm     .   m - +0 pair of gloves
MR       .....                  (no boots)
Stlth    +.........             (no amulet)
HPRegen  0.10/turn              (no ring)
MPRegen  0.09/turn              (no ring)

@: lethally poisoned (0 -> -12), flying
A: change form in water, swift swim, stealthy swim
a: Depart the Abyss, Bend Space, Renounce Religion


You were on level 2 of the Dungeon.
You worshipped Lugonu.
Lugonu was pleased with you.
You were hungry.

You visited 1 branch of the dungeon, and saw 2 of its levels.
You visited the Abyss 1 time.

You collected 67 gold pieces.

Inventory:

Hand Weapons
 a - a +1 spear (weapon)
Armour
 b - a +0 leather armour (worn)
 j - a cursed +0 buckler (worn)
 m - a +0 pair of gloves (worn)
Scrolls
 d - a scroll of identify {unknown}
 e - a scroll of immolation {unknown}
 g - a scroll of remove curse {unknown}
 i - a scroll of enchant weapon {unknown}
Potions
 f - a potion of might
Comestibles
 h - a ration


   Skills:
 + Level 3.7 Fighting
 + Level 3.7 Polearms
 + Level 1.2 Armour
 + Level 3.4 Dodging
 + Level 2.5 Invocations


You had 2 spell levels left.
You didn't know any spells.
Your spell library was empty.

Dungeon Overview and Level Annotations

Branches:
Dungeon (2/15)

Altars:


Message History

You miss the adder.
The adder is almost dead.
* * * LOW HITPOINT WARNING * * *
You feel sick. The adder bites you.
* * * LOW HITPOINT WARNING * * *
You hit the adder but do no damage.
The adder is almost dead.
* * * LOW HITPOINT WARNING * * *
You feel sick. You block the adder's attack.
You hit the adder.
You kill the adder!
Lugonu accepts your kill.
* * * LOW HITPOINT WARNING * * *
You feel sick.
* * * LOW HITPOINT WARNING * * *
You feel sick.
You see here an adder corpse.
You are lethally poisoned (1 -> -11).
You are flying.
Your flying speed is average.
Your attack speed is above average.
You die...

#
#....##.####.##
#
####.##........
# #.##?..# #
#......###
######
#####..#.##
.....# ##.$...#
####.#
#8..8.#.# #.#
#P....# #.#
#..@P## #.#
#8P..# #.#
##.#..# ##.#
#.##$# #..# #.
.< #<## #. .##
#.# #. .# #.#
#. #.#


There were no monsters in sight!

Vanquished Creatures
  3 adders (D:2)
  An adder zombie (D:2)
  A giant cockroach (D:2)
  3 goblins (D:1)
  4 hobgoblins
  4 bats (D:1)
  3 frilled lizards (D:2)
  3 kobolds
  2 rats (D:1)
24 creatures vanquished.

Notes
Turn   | Place    | Note
-------+----------+-------------------------------------------
     0 | Abyss:1  | Aviak the Merfolk Abyssal Knight began the quest for the
                  | Orb.
     0 | Abyss:1  | Reached XP level 1. HP: 18/18 MP: 2/2
    17 | Abyss:1  | Found a corrupted altar of Lugonu.
    21 | D:1      | Escaped the Abyss
   169 | D:1      | Reached XP level 2. HP: 16/24 MP: 3/3
   278 | D:1      | Reached skill level 1 in Armour
   631 | D:2      | HP: 1/24 [poisoned by an adder]
   634 | D:2      | Reached ** piety under Lugonu
   634 | D:2      | Reached XP level 3. HP: 9/29 MP: 4/4
  1090 | D:2      | HP: 1/30 [poisoned by an adder]
  1091 | D:2      | Succumbed to an adder's poison

Levels and vault maps discovered:
D:1:      evilmike_arrival_crescent, layout_basic
D:2:      layout_loops_ring, marbit_many_paths, serial_undead, serial_undead_d,
          serial_undead_e, serial_undead_c, serial_undead_e

Skill      XL: |  1  2 |
---------------+-------+-----
Dodging        | 3 |  3.4
Armour         | 1 |  1.2
Fighting       | |  3.7
Polearms       | |  3.7
Invocations    | |  2.5

Action                   || total
-------------------------++-------
Melee: Spear             ||   124
  Use: Potion            ||     4
 Stab: Sleeping          ||     1
Armor: Leather armour    ||    31
Dodge: Dodged            ||    69
Block: Buckler           ||     8
